 Dungeon Crawl Stone Soup version 0.25.1-2-g60ff931df9 (webtiles) character file.

Game seed: 6274366106483310258

44964 Curus the Fighter (level 13, -5/109 HPs)
             Began as a Demonspawn Berserker on Aug 10, 2020.
             Was a High Priest of Trog.
             Slain by a seven-headed hydra (9 damage)
             ... on level 6 of the Lair of Beasts.
             The game lasted 00:47:40 (13953 turns).

Curus the Fighter (Demonspawn Berserker)           Turns: 13953, Time: 00:47:41

Health: -5/109     AC: 15    Str: 19    XL:     13   Next: 99%
Magic:  13/13      EV: 19    Int: 11    God:    Trog [*****.]
Gold:   786        SH:  0    Dex: 18    Spells: 12/12 levels left

rFire    + . .     SeeInvis .   l - +6 trident "Jubanuaq" {vorpal, Int+2}
rCold    + . .     Gourm    .   (no shield)
rNeg     . . .     Faith    .   e - +4 ring mail
rPois    +         Spirit   .   y - +2 hat
rElec    .         Reflect  .   (no cloak)
rCorr    +         Harm     .   (no gloves)
MR       ++...                  (no boots)
Stlth    +.........             (no amulet)
HPRegen  1.28/turn              k - ring of resist corrosion
MPRegen  0.13/turn              r - ring of poison resistance

@: berserk cooldown, starving, regenerating, slowed, very slow
A: horns 2, talons 1, molten scales 3, cold resistance 1, powered by pain 1,
spiny 2, strong 1
a: Berserk, Trog's Hand, Brothers in Arms, Renounce Religion


You were on level 6 of the Lair of Beasts.
You worshipped Trog.
Trog was extremely pleased with you.
You were starving.

You visited 2 branches of the dungeon, and saw 14 of its levels.

You collected 786 gold pieces.

Inventory:

Hand Weapons
 a - a +4 hand axe
 l - the +6 trident "Jubanuaq" (weapon) {vorpal, Int+2}
   (You found it on level 5 of the Dungeon)

   It inflicts extra damage upon your enemies.
   It affects your intelligence (+2).
Armour
 b - a +0 animal skin
 e - a +4 ring mail (worn)
 f - a +0 chain mail
 j - a +2 hat
 w - the cursed +0 scale mail "Ricabb" {rElec rPois Stlth+}
   (You found it on level 1 of the Lair of Beasts)

   It insulates you from electricity.
   It protects you from poison.
   It makes you more stealthy.
   It has a curse placed upon it.
 y - a +2 hat (worn)
Jewellery
 i - an uncursed ring of ice
 k - a ring of resist corrosion (left hand)
 m - an uncursed ring of ice
 r - a ring of poison resistance (right hand)
 u - an uncursed ring of wizardry
 D - an uncursed ring of flight
Wands
 s - a wand of iceblast (31)
 B - a wand of paralysis (6)
 C - a wand of digging (5)
 E - a wand of acid (19)
 F - a wand of flame (7)
 G - a wand of clouds (6)
 H - a wand of polymorph (8)
 M - a wand of random effects (9)
Scrolls
 n - 15 scrolls of identify
 q - 2 scrolls of magic mapping
 t - 3 scrolls of teleportation
 v - 4 scrolls of enchant weapon
 x - a scroll of blinking
 A - a scroll of summoning
 I - a scroll of silence
 J - a scroll of fog
Potions
 d - 2 potions of haste
 g - 3 potions of brilliance
 h - 2 potions of cancellation
 o - 3 potions of curing
 p - 3 potions of resistance
 z - 5 potions of stabbing
Comestibles
 c - 21 rations


   Skills:
 + Level 12.7 Fighting
 - Level 9.0(11.8) Axes
 - Level 12.4(13.4) Polearms
 - Level 1.7 Armour
 + Level 11.6 Dodging


You had 12 spell levels left.
You didn't know any spells.
Your spell library was empty.

Dungeon Overview and Level Annotations

Branches:
Dungeon (8/15)             Temple (0/1) D:4            Lair (5/6) D:8
  Swamp (0/4) Lair:2       Spider (0/4) Lair:4
  Slime: Lair:5-6

Altars:
Nemelex Xobeh
Qazlal
Yredelemnul

Shops:
D:6 }

Annotations:
Lair:3 exclusion: 4 oklob plants


Innate Abilities, Weirdness & Mutations

You have a pair of horns on your head.
You are completely covered in molten scales. (AC +4, rF+)
You sometimes gain a little power by taking damage.
You are mostly covered in sharp spines.
You have sharp toenails.
Your flesh is cold resistant. (rC+)
Your muscles are strong. (Str +2)


Message History

The seven-headed hydra bites your troll! x4
Your troll dies!
Your troll's corpse disappears in a puff of smoke!
You hear two shouts!
Evoke which item? (* to show all) (? for menu, Esc to quit)
Aiming: Corrosive Bolt
Press: ? - help, Shift-Dir - straight line, f/p - seven-headed hydra
Aim: a seven-headed hydra (severely wounded)
Okay, then.
Unknown command.
Unknown command.
Your skin crawls.
You feel resistant to hostile enchantments.
You are starving!
The seven-headed hydra is struck by your spines.
The seven-headed hydra bites you.
* * * LOW HITPOINT WARNING * * *
The seven-headed hydra barely misses you.
The seven-headed hydra bites you!
You die...

..# # #..##
##.#....#
#.#.....##
##........P
#P.......P#
#.........#
#.D.......#
#.@.......#
#.#..F.......
#.........P.
#..........P
#............
##....!......
#.#..........
#.##.......##
# #.....###


You could see a seven-headed hydra and a spiny frog.

Vanquished Creatures
  Snorg (Lair:5)
  Fannar (Lair:2)
  7 hydras
  A catoblepas (Lair:3)
  7 death yaks
  Nergalle (Lair:4)
  Pikel (D:8)
  A wolf spider (Lair:4)
  12 spiny frogs
  A torpor snail (Lair:3)
  4 rime drakes
  5 komodo dragons
  2 polar bears
  A slime creature (Lair:5)
  Prince Ribbit (Lair:1)
  A hornet (D:8)
  9 blink frogs
  4 hippogriffs
  8 dream sheep
  A redback (Lair:4)
  31 yaks
  A hungry ghost (D:7)
  3 basilisks
  A steam dragon (Lair:4)
  Grum (D:8)
  2 water moccasins (Lair:2)
  12 porcupines
  A necrophage (D:5)
  A sky beast (D:8)
  9 wolves
  4 ogres
  A phantom (D:7)
  2 centaurs
  14 crocodiles
  7 bullfrogs
  2 scorpions
  4 killer bees (D:4)
  10 wights (D:7)
  3 crimson imps
  A hound (D:5)
  4 jellies
  A centaur skeleton (D:8)
  A gnoll shaman (D:6)
  3 orc priests
  2 orc wizards
  3 bullfrog skeletons
  3 iguanas
  4 hell rats (Lair:4)
  3 worker ants
  A hound skeleton (D:5)
  11 gnolls
  9 adders
  A shadow imp (D:7)
  3 oozes
  An adder skeleton (D:5)
  An adder zombie (D:7)
  A worm (D:3)
  3 dart slugs
  8 leopard geckos
  7 orcs
  A ball python (D:5)
  8 bats
  8 giant cockroaches
  4 goblins (D:1)
  8 hobgoblins
  4 jackals
  3 quokkas
  5 frilled lizards
  2 gnoll zombies (D:4)
  5 kobolds
  A leopard gecko zombie (D:7)
  A quokka skeleton (D:4)
  7 rats
306 creatures vanquished.

Vanquished Creatures (collateral kills)
  A dream sheep (Lair:6)
  A yak (Lair:6)
2 creatures vanquished.

Vanquished Creatures (others)
  3 slaves (D:8)
  A crocodile (D:8)
  5 fungi (Lair:5)
  2 plants (Lair:3)
11 creatures vanquished.

Grand Total: 319 creatures vanquished

Notes
Turn   | Place    | Note
-------+----------+-------------------------------------------
     0 | D:1      | Curus the Demonspawn Berserker began the quest for the Orb.
     0 | D:1      | Reached XP level 1. HP: 18/18 MP: 1/1
   246 | D:1      | Gained mutation: You have a pair of small horns on your
                  | head. [demonic ancestry]
   246 | D:1      | Reached XP level 2. HP: 24/24 MP: 2/2
   604 | D:1      | Reached ** piety under Trog
   605 | D:1      | Reached XP level 3. HP: 28/29 MP: 3/3
  1459 | D:3      | Gained mutation: You sometimes gain a little power by
                  | taking damage. [demonic ancestry]
  1459 | D:3      | Reached XP level 4. HP: 33/35 MP: 4/4
  1483 | D:3      | Reached skill level 5 in Axes
  1816 | D:3      | Gained mutation: You are partially covered in sharp spines.
                  | [demonic ancestry]
  1816 | D:3      | Reached XP level 5. HP: 41/41 MP: 5/5
  2229 | D:3      | Reached *** piety under Trog
  2429 | D:4      | Found a staircase to the Ecumenical Temple.
  2455 | D:4      | Gained mutation: Your flesh is cold resistant. (rC+)
                  | [potion of mutation]
  2455 | D:4      | Gained mutation: Your muscles are strong. (Str +2) [potion
                  | of mutation]
  2455 | D:4      | Gained mutation: You have sharp toenails. [potion of
                  | mutation]
  2647 | D:4      | Noticed an ogre
  2651 | D:4      | Killed an ogre
  2651 | D:4      | Gained mutation: You are partially covered in molten
                  | scales. (AC +2) [demonic ancestry]
  2651 | D:4      | Reached XP level 6. HP: 47/47 MP: 6/6
  2766 | D:4      | Found a basalt altar of Yredelemnul.
  2822 | D:4      | Reached XP level 7. HP: 49/52 MP: 7/7
  3192 | D:5      | Entered Level 5 of the Dungeon
  3273 | D:5      | Found a stormy altar of Qazlal.
  3294 | D:5      | Got a brightly glowing trident
  3316 | D:5      | Found a sparkling altar of Nemelex Xobeh.
  3641 | D:5      | Reached **** piety under Trog
  3719 | D:5      | Gained mutation: You have a pair of horns on your head.
                  | [demonic ancestry]
  3719 | D:5      | Reached XP level 8. HP: 42/57 MP: 8/8
  3917 | D:5      | Identified the +6 trident "Jubanuaq" {vorpal, Int+2} (You
                  | found it on level 5 of the Dungeon)
  4120 | D:6      | Reached skill level 1 in Polearms
  4254 | D:6      | Found Cerhiow's Gadget Emporium.
  4885 | D:7      | Reached skill level 5 in Polearms
  5269 | D:7      | Gained mutation: You are mostly covered in molten scales.
                  | (AC +3) [demonic ancestry]
  5269 | D:7      | Reached XP level 9. HP: 62/62 MP: 9/9
  6027 | D:8      | Noticed Grum
  6041 | D:8      | Killed Grum
  6054 | D:8      | Noticed Pikel
  6063 | D:8      | Killed Pikel
  6098 | D:7      | Reached ***** piety under Trog
  6487 | D:8      | Reached skill level 10 in Polearms
  6488 | D:8      | Gained mutation: You are mostly covered in sharp spines.
                  | [demonic ancestry]
  6488 | D:8      | Reached XP level 10. HP: 51/69 MP: 10/10
  6580 | D:8      | Found a staircase to the Lair.
  6607 | Lair:1   | Entered Level 1 of the Lair of Beasts
  6653 | Lair:1   | Noticed a spiny frog
  6662 | Lair:1   | Killed a spiny frog
  6785 | Lair:1   | Noticed an eight-headed hydra
  6794 | Lair:1   | Killed an eight-headed hydra
  7095 | Lair:1   | Noticed a spiny frog
  7103 | Lair:1   | Killed a spiny frog
  7103 | Lair:1   | Reached skill level 5 in Fighting
  7267 | Lair:1   | Got a smouldering scale mail
  7458 | Lair:1   | Noticed Prince Ribbit
  7479 | Lair:1   | Reached skill level 5 in Dodging
  7786 | Lair:1   | Killed Prince Ribbit
  7946 | Lair:1   | Identified the cursed +0 scale mail "Ricabb" {rElec rPois
                  | Stlth+} (You found it on level 1 of the Lair of Beasts)
  7956 | Lair:2   | Found a staircase to the Swamp.
  8191 | Lair:2   | Reached XP level 11. HP: 58/84 MP: 11/11
  8197 | Lair:2   | Noticed a five-headed hydra
  8205 | Lair:2   | Killed a five-headed hydra
  8967 | Lair:2   | Noticed a death yak
  8975 | Lair:2   | Killed a death yak
  9255 | Lair:2   | Noticed Fannar
  9276 | Lair:2   | Killed Fannar
  9448 | Lair:2   | Reached XP level 12. HP: 94/94 MP: 12/12
 10083 | Lair:3   | Noticed a death yak
 10083 | Lair:3   | Noticed a death yak
 10083 | Lair:3   | Noticed a death yak
 10085 | Lair:3   | Noticed a death yak
 10088 | Lair:3   | Noticed a death yak
 10088 | Lair:3   | Noticed a death yak
 10099 | Lair:3   | Killed a death yak
 10108 | Lair:3   | Killed a death yak
 10116 | Lair:3   | Killed a death yak
 10126 | Lair:3   | Killed a death yak
 10126 | Lair:3   | Reached skill level 10 in Fighting
 10131 | Lair:3   | Killed a death yak
 10135 | Lair:3   | Killed a death yak
 10135 | Lair:3   | Gained mutation: You are completely covered in molten
                  | scales. (AC +4, rF+) [demonic ancestry]
 10135 | Lair:3   | Reached XP level 13. HP: 77/104 MP: 13/13
 10725 | Lair:3   | Received a gift from Trog
 10985 | Lair:3   | Reached skill level 10 in Dodging
 11615 | Lair:4   | Found a hole to the Spider Nest.
 12206 | Lair:4   | Noticed Nergalle
 12224 | Lair:4   | Killed Nergalle
 13026 | Lair:5   | Noticed Snorg
 13034 | Lair:5   | Killed Snorg
 13645 | Lair:5   | Received a gift from Trog
 13930 | Lair:5   | You fall into a shaft and drop 1 floor!
 13930 | Lair:6   | Entered Level 6 of the Lair of Beasts
 13953 | Lair:6   | HP: 4/109 [seven-headed hydra (5)]
 13953 | Lair:6   | Slain by a seven-headed hydra

Illustrated notes

Levels and vault maps discovered:
D:1:      dpeg_arrival_tiny_a, layout_basic, minmay_heptomino_o4
D:2:      layout_rooms, minmay_misc_feat_nine_boxes,
          minmay_misc_feat_four_crosses
D:3:      layout_loops_cross, dk_vineyard_2
D:4:      layout_rooms, lemuel_zombie_altar_yredelemnul, temple_statues,
          first_ration
D:5:      layout_loops_cross, overflow_temple_1_default, basic_altar,
          st_stairs_13
D:6:      layout_basic, serial_shops, nicolae_shop_waterfront
D:7:      layout_basic, grunt_ogre_cave, st_stairs_5
D:8:      layout_basic, ashenzari_altar_1, minmay_lair_entry_grove,
          uniq_maurice, uniq_harold, uniq_grum, uniq_pikel, uniq_maggie
Lair:1:   layout_hall_layers, uniq_prince_ribbit2
Lair:2:   layout_regular_city, swamp_mist, grunt_forest_large_clearing_hut,
          grunt_megastairs_1, uniq_fannar
Lair:3:   layout_regular_city, chequers_serial_rivers_micro_b,
          minmay_lair_oklob_chamber
Lair:4:   layout_long_grid, spider_nest_entry_funnel_web,
          infiniplex_staircase_pool, uniq_nergalle
Lair:5:   layout_regular_city, minmay_slime_entry_pillars, grunt_megastairs_3,
          uniq_snorg
Lair:6:   evil_forest, layout_cave_pods, serial_bayou_shore_b

Skill      XL: |  1  2  3  4  5  6  7  8  9 10 11 12 13 |
---------------+----------------------------------------+-----
Axes           | 3 4 5 6 7 9 |  9.0
Polearms       | 6 10 12 | 12.4
Dodging        | 6 7 9 11 | 11.6
Fighting       | 7 8 10 12 | 12.7
Armour         | |  1.7

Action                   |  1- 3 |  4- 6 |  7- 9 | 10-12 | 13-15 || total
-------------------------+-------+-------+-------+-------+-------++-------
Melee: Hand axe          |    90 |    90 |    64 |       |       ||   244
       Headbutt          |     6 |    15 |    26 |    41 |    83 ||   171
       Kick              |       |     9 |    51 |    87 |   106 ||   253
       Trident           |       |       |   136 |   244 |   286 ||   666
Invok: Berserk           |       |     2 |     1 |     4 |     2 ||     9
       Brothers in Arms  |       |       |       |       |     2 ||     2
       Trog's Hand       |       |       |       |       |     1 ||     1
Evoke: Wand              |       |       |       |       |     1 ||     1
  Use: Scroll            |    10 |     4 |     8 |     2 |     3 ||    27
       Potion            |     5 |     3 |     2 |     3 |     2 ||    15
  Eat: Chunk             |     2 |     6 |     8 |    10 |     7 ||    33
       Ration            |       |       |     2 |     1 |     2 ||     5
Armor: Animal skin       |     4 |       |       |       |       ||     4
       Ring mail         |    20 |    21 |    46 |    61 |    62 ||   210
Dodge: Dodged            |    50 |    41 |    62 |   107 |   204 ||   464
